Map: 2000 Atmospheres LE

Players

DRG - Winner!

  • Race: Zerg Zerg
  • League: Master

Classic

  • Race: Protoss Protoss
  • League: Master

Event: StayAtHome Story Cup #4

VOD

Have the link to the VOD?

Description

Time

  • Played on: Oct. 22, 2021, 9:13 a.m.
  • Length: 10:45

All games in this series

Show
View Real Time Build Order
Export as new Build Order

DRG Zerg - Winner!

Build Orders: Hatch First 

Get SALT Encoding   

  12  0:00  Drone  
  13  0:11  Overlord  
  13  0:16  Drone  
  14  0:30  Drone x2  
  16  0:47  Hatchery  
  15  0:50  Drone  
  15  0:54  Drone  
  17  0:57  Drone  
  18  1:08  Extractor  
  17  1:12  Spawning Pool  
  17  1:15  Drone  
  17  1:20  Drone  
  18  1:27  Drone  
  19  1:40  Drone  
  20  1:49  Overlord  
  20  1:59  Queen x2  
  20  2:00  Zergling x4  
  26  2:10  Drone x2  
  26  2:13  Metabolic Boost  
  28  2:21  Drone  
  29  2:24  Drone  
  30  2:32  Drone x2  
  32  2:38  Hatchery  
  31  2:45  Queen  
  31  2:49  Overlord  
  33  2:51  Drone  
  33  2:54  Drone  
  33  2:57  Drone  
  36  3:04  Overlord  
  36  3:08  Drone x3  
  36  3:09  Drone  
  40  3:15  Drone  
  40  3:17  Queen  
  43  3:20  Drone  
  43  3:24  Queen  
  46  3:28  Overlord  
  46  3:32  Drone  
  47  3:36  Spore Crawler  
  47  3:37  Spore Crawler  
  47  3:39  Drone  
  47  3:41  Drone x2  
  48  3:42  Drone  
  48  3:45  Drone  
  49  3:49  Zergling x2  
  49  3:52  Zergling x4  
  49  3:54  Queen  
  54  3:56  Drone  
  54  3:58  Drone  
  54  3:59  Drone  
  54  4:02  Overlord  
  57  4:04  Drone  
  57  4:08  Evolution Chamber  
  57  4:09  Drone  
  58  4:11  Drone  
  58  4:12  Overlord  
  58  4:16  Overlord  
  59  4:20  Overlord  
  59  4:21  Drone  
  59  4:23  Zergling x2  
  59  4:24  Drone  
  59  4:27  Drone  
  59  4:29  Drone  
  62  4:34  Overlord  
  62  4:36  Overlord  
  62  4:41  Drone x5  
  62  4:44  Zerg Melee Weapons Level 1  
  67  4:47  Drone  
  67  4:48  Drone  
  67  4:50  Spore Crawler  
  67  4:51  Drone  
  69  4:54  Drone x4  
  69  4:58  Lair  
  73  5:01  Drone  
  73  5:04  Extractor x2  
  72  5:07  Roach Warren, Drone  
  72  5:08  Drone  
  72  5:11  Zergling x4  
  72  5:13  Drone x2  
  72  5:14  Drone  
  78  5:15  Drone  
  78  5:16  Drone  
  78  5:18  Drone x2  
  78  5:20  Drone  
  83  5:22  Drone  
  83  5:23  Drone  
  83  5:25  Extractor  
  83  5:26  Drone, Extractor  
  83  5:27  Extractor  
  83  5:29  Drone  
  83  5:32  Overlord  
  83  5:33  Drone  
  83  5:34  Drone  
  83  5:35  Drone  
  87  5:46  Overlord  
  87  5:54  Hatchery  
  87  5:55  Roach x5  
  87  5:56  Roach x4  
  104  5:57  Glial Reconstitution  
  104  6:00  Drone  
  104  6:02  Overlord x2  
  105  6:04  Overlord  
  105  6:10  Spire  
  105  6:11  Overlord  
  104  6:13  Zergling x4  
  104  6:17  Zergling x2  
  106  6:21  Overlord x2  
  106  6:30  Drone x7  
  106  6:31  Drone x3  
  116  6:34  Drone  
  116  6:36  Zergling x2  
  118  6:41  Zergling x2  
  118  6:44  Zergling x2  
  118  6:45  Zergling x2  
  121  6:47  Zerg Melee Weapons Level 2  
  121  6:49  Extractor  
  121  6:50  Overlord  
  121  6:51  Extractor  
  119  7:02  Drone  
  119  7:03  Zergling x20  
  130  7:12  Overlord  
  129  7:22  Overlord  
  129  7:26  Mutalisk x3  
  129  7:27  Mutalisk x8  
  150  7:30  Mutalisk  
  150  7:32  Zergling x2  
  142  7:37  Zergling x6  
  142  7:40  Mutalisk  
  143  7:44  Overseer  
  143  7:46  Zerg Flyer Weapons Level 1  
  143  7:47  Zergling x16  
  143  7:50  Overseer  
  151  7:53  Mutalisk  
  151  7:55  Zergling x6  
  156  8:00  Mutalisk  
  156  8:02  Zergling x6  
  161  8:16  Drone x10  
  161  8:19  Pneumatized Carapace  
  167  8:25  Zergling x6  
  167  8:26  Zergling x2  
  171  8:29  Overlord  
  171  8:33  Mutalisk x3  
  177  8:36  Zergling x4  
  177  8:40  Zergling x4  
  181  8:45  Hatchery  
  180  8:49  Mutalisk x2, Baneling Nest  
  180  8:52  Zergling x2  
  180  8:53  Zergling x4  
  186  8:56  Zergling x10  
  183  9:06  Mutalisk x5  
  183  9:07  Zergling x2  
  191  9:16  Mutalisk x3  
  197  9:18  Zergling x6  
  200  9:27  Baneling Nest  
  199  9:36  Infestation Pit  
  199  9:38  Zergling x2  
  200  9:43  Extractor  
  200  9:45  Extractor  
  188  10:06  Mutalisk x8  
  194  10:14  Mutalisk x2  
  194  10:16  Zergling x14  
  192  10:23  Zergling x14  
  192  10:24  Zergling x12  
Show
View Real Time Build Order
Export as new Build Order

Classic Protoss 

Build Orders: 1 Gate Expand, Oracle Opening 

Get SALT Encoding   

  12  0:00  Probe  
  13  0:12  Probe  
  14  0:19  Pylon  
  14  0:24  Probe  
  15  0:37  Probe (Chrono Boost)  
  15  0:38  Gateway  
  16  0:46  Probe (Chrono Boost), Assimilator  
  17  0:51  Probe (Chrono Boost)  
  18  1:03  Probe  
  19  1:15  Probe  
  20  1:24  Nexus  
  20  1:27  Probe  
  21  1:37  Cybernetics Core  
  22  1:40  Probe  
  22  1:46  Assimilator  
  22  1:52  Pylon  
  22  1:55  Probe  
  23  2:10  Probe, Adept (Chrono Boost)  
  26  2:16  Stargate  
  26  2:22  Probe (Chrono Boost)  
  27  2:25  Warp Gate  
  27  2:33  Adept  
  27  2:34  Probe (Chrono Boost)  
  31  2:37  Probe (Chrono Boost)  
  31  2:44  Probe (Chrono Boost)  
  33  2:45  Probe (Chrono Boost)  
  33  2:49  Probe (Chrono Boost)  
  33  2:50  Probe (Chrono Boost)  
  35  2:58  Oracle (Chrono Boost)  
  35  3:00  Probe  
  35  3:02  Probe  
  35  3:03  Pylon  
  40  3:13  Probe  
  40  3:14  Probe  
  40  3:15  Gateway  
  42  3:23  Void Ray (Chrono Boost)  
  42  3:25  Probe  
  42  3:26  Probe  
  48  3:37  Probe  
  48  3:38  Probe  
  50  3:49  Nexus  
  50  3:50  Pylon  
  50  3:52  Assimilator  
  50  3:54  Assimilator  
  50  3:55  Probe  
  51  3:56  Probe  
  52  4:04  Pylon  
  52  4:07  Probe  
  52  4:09  Probe  
  54  4:11  Twilight Council  
  54  4:13  Forge  
  54  4:19  Probe  
  54  4:21  Probe  
  56  4:24  Sentry x2  
  60  4:31  Probe  
  60  4:33  Probe (Chrono Boost)  
  60  4:38  Robotics Facility  
  62  4:43  Probe (Chrono Boost)  
  62  4:45  Probe (Chrono Boost)  
  64  4:49  Protoss Ground Weapons Level 1  
  65  4:53  Probe x2 (Chrono Boost)  
  65  4:54  Gateway  
  65  4:55  Gateway  
  65  4:58  Blink  
  66  5:01  Probe (Chrono Boost)  
  66  5:02  Probe (Chrono Boost)  
  66  5:04  Probe (Chrono Boost)  
  69  5:08  Sentry  
  69  5:10  Probe (Chrono Boost)  
  69  5:12  Sentry, Probe (Chrono Boost)  
  69  5:13  Probe (Chrono Boost)  
  76  5:15  Pylon, Probe (Chrono Boost)  
  77  5:22  Probe  
  77  5:23  Probe  
  77  5:25  Gateway  
  77  5:26  Observer  
  77  5:27  Probe  
  77  5:28  Gateway, Assimilator  
  81  5:32  Assimilator  
  81  5:34  Probe  
  82  5:35  Probe  
  82  5:39  Probe  
  84  5:44  Gateway x2  
  84  5:45  Warp Prism (Chrono Boost)  
  84  5:47  Pylon  
  84  5:49  Pylon  
  86  6:00  Stalker x3  
  86  6:02  Shield Battery  
  92  6:05  Stalker  
  92  6:10  Pylon  
  94  6:11  Pylon  
  94  6:13  Photon Cannon  
  94  6:19  Probe  
  94  6:20  Probe  
  94  6:22  Pylon  
  96  6:25  Sentry x2  
  96  6:26  Stalker x3  
  96  6:30  Stalker  
  108  6:37  Robotics Facility  
  108  6:38  Robotics Bay  
  108  6:48  Shield Battery  
  108  6:57  Pylon, Protoss Ground Weapons Level 2 (Chrono Boost)  
  108  6:58  Stalker x6  
  120  7:01  Charge  
  120  7:11  Pylon  
  120  7:12  Pylon  
  120  7:17  Phoenix (Chrono Boost)  
  120  7:18  Photon Cannon  
  122  7:26  Pylon  
  122  7:27  Disruptor x2  
  124  7:39  Stalker x3  
  124  7:44  Phoenix (Chrono Boost)  
  132  7:46  Photon Cannon  
  132  7:49  Shield Battery  
  132  7:50  Zealot x3  
  138  7:53  Nexus  
  138  8:03  Pylon  
  140  8:05  Phoenix (Chrono Boost)  
  140  8:06  Photon Cannon  
  137  8:17  Stargate  
  137  8:18  Zealot x4  
  137  8:19  Stalker x2  
  149  8:22  Photon Cannon  
  149  8:25  Photon Cannon  
  149  8:27  Phoenix (Chrono Boost)  
  149  8:32  Shield Battery  
  151  8:43  Pylon  
  151  8:44  Phoenix  
  153  8:48  Photon Cannon  
  149  9:09  Pylon  
  143  9:12  Phoenix x2 (Chrono Boost)  
  143  9:14  Colossus x2  
  147  9:23  Fleet Beacon  
  147  9:28  Nexus  
  147  9:31  Pylon  
  159  9:35  Phoenix (Chrono Boost)  
  161  9:39  Phoenix (Chrono Boost)  
  158  9:52  Photon Cannon  
  158  9:54  Photon Cannon, Shield Battery  
  158  9:55  Shield Battery  
  158  9:56  Phoenix (Chrono Boost)  
  158  9:57  Zealot  
  162  10:00  Zealot x2  
  162  10:01  Phoenix (Chrono Boost)  
  152  10:08  Zealot x2  
  152  10:13  Phoenix  
  145  10:18  Phoenix  
  124  10:32  Probe x2  
  124  10:33  Probe  
  126  10:40  Stalker x3  
  126  10:41  Stalker  
Tags
 
Add a new tag
Caveats
  • Supply blocks, unpowered buildings, or Contaminate may cause inaccurate times.
  • Supply counts are checked every 10 seconds.